 Dungeon Crawl Stone Soup version 0.28-a0-1227-ga9037bb4c8 (webtiles) character file.

Game seed: 17210537921572235771

21 siradein the Ducker (level 2, -3/25 HPs)
             Began as a Merfolk Monk on Dec 23, 2021.
             Succumbed to a kobold's poison
             ... on level 2 of the Dungeon.
             The game lasted 00:01:02 (1086 turns).

siradein the Ducker (Merfolk Monk)                  Turns: 1086, Time: 00:01:02

Health: -3/25      AC:  8    Str: 11    XL:     2   Next: 83%
Magic:  2/2        EV:  6    Int:  9    God:
Gold:   13         SH:  0    Dex: 16    Spells: 1/1 levels left

rFire   . . .      SeeInvis .   a - +0 falchion
rCold   . . .      Faith    .   (no shield)
rNeg    . . .      Spirit   .   e - +0 chain mail
rPois   .          Reflect  .   (no helmet)
rElec   .          Harm     .   (no cloak)
rCorr   .          Rampage  .   (no gloves)
Will    .....                   (no boots)
Stlth   ..........              (no amulet)
HPRegen 0.08/turn               (no ring)
MPRegen 0.08/turn               (no ring)

@: lethally poisoned (-3 -> -36)
A: (nimble swimmer 2), mertail
a: no special abilities


You were on level 2 of the Dungeon.
You visited 1 branch of the dungeon, and saw 2 of its levels.

You collected 13 gold pieces.

Inventory:

Hand Weapons
 a - a +0 falchion (weapon)
Armour
 e - a +0 chain mail (worn)
Scrolls
 c - a scroll of identify {unknown}
 d - 2 scrolls of teleportation {unknown}
Potions
 b - a potion of mutation {unknown}
 f - a potion of heal wounds {unknown}
 g - a potion of curing {unknown}


   Skills:
 + Level 3.6 Fighting
 + Level 3.7 Long Blades
 + Level 4.4 Dodging
 - Level 2.1 Stealth


You had one spell level left.
You didn't know any spells.
Your spell library was empty.

Dungeon Overview and Level Annotations

Branches:
Dungeon (2/15)

Altars:


Innate Abilities, Weirdness & Mutations

((You are very nimble when in or above water. (Stealth+, EV+, Speed+++)))
Your lower body shifts to a powerful aquatic tail in water.


Message History

* * * LOW HITPOINT WARNING * * *
You feel sick.
* * * LOW HITPOINT WARNING * * *
You feel sick.
* * * LOW HITPOINT WARNING * * *
You feel sick.
You are no longer poisoned.
The kobold throws a stone.
The stone hits you but does no damage.
The kobold throws a stone.
The stone closely misses you.
The kobold throws a stone.
The stone barely misses you.
There is a stone staircase leading up here.
You climb upwards.
There is a stone staircase leading down here.
You start resting.
HP restored.
You climb downwards.
The kobold throws a stone.
The stone hits you.
There is a stone staircase leading up here.
The kobold throws a stone.
The stone hits you but does no damage. The kobold hits you but does no damage.
You hit the kobold but do no damage. The kobold hits you but does no damage.
You are poisoned.
You hit the kobold but do no damage.
You feel very sick.
The kobold hits you with a +2 whip of venom.
You are lethally poisoned!
You hit the kobold but do no damage.
You feel very sick. The kobold hits you but does no damage.
You are more poisoned.
You hit the kobold.
The kobold is moderately wounded.
You feel very sick.
The kobold hits you with a +2 whip of venom.
* * * LOW HITPOINT WARNING * * *
You are more poisoned.
You are too injured to fight recklessly!
You are too injured to fight recklessly!
You hit the kobold.
The kobold is severely wounded.
You die...

#.#
#.####
#....#
#.##.#
#.##.#
###.##.#
#....<.#
#.###..##
#.# #@..#
#.###.K.#
#.......#
######..#
# #..# .
#..# .###
#..# ...#
#..#
#...##
#..#
.....


You could see a kobold.

Vanquished Creatures
  3 endoplasms (D:1)
  2 giant cockroaches
  A goblin (D:1)
  3 hobgoblins (D:1)
  3 ball pythons (D:1)
  4 bats
  A frilled lizard (D:1)
  A kobold (D:1)
  A rat (D:1)
19 creatures vanquished.

Notes
Turn   | Place    | Note
-------+----------+-------------------------------------------
     0 | D:1      | siradein the Merfolk Monk began the quest for the Orb.
     0 | D:1      | Reached XP level 1. HP: 18/18 MP: 1/1
   184 | D:1      | Reached XP level 2. HP: 24/24 MP: 2/2
   462 | D:1      | Found a faded altar of an unknown god.
   778 | D:2      | HP: 1/25 [poisoned by a kobold]
  1086 | D:2      | Succumbed to a kobold's poison

Illustrated notes

Levels and vault maps discovered:
D:1:      dpeg_arrival_tiny_a, layout_loops_cross,
          chequers_ecumenical_altar_simple_redux, minmay_pentomino_u2
D:2:      layout_loops_ring, nrook_loot_triangle, minmay_quantized,
          uniq_terence, uniq_natasha

Action                   || total
-------------------------++-------
Melee: Falchion          ||    53
 Stab: Sleeping          ||     5
Armor: Robe              ||     4
       Chain mail        ||    30
Dodge: Dodged            ||    34

Table legend: (Time is in decaauts)
 A = Elapsed time spent in this place.
 B = Non-inter-level travel time spent in this place.
 C = Inter-level travel time spent in this place.
 D = Time resting spent in this place.
 E = Time spent auto-exploring this place.
 F = Levels seen in this place.
 G = Mean time per level.
                   A        B        C        D        E       F      G
               +--------+--------+--------+--------+--------+-----+--------+
         Total |   1093 |   1062 |     31 |    288 |    587 |   2 |  546.5 |
       Dungeon |   1093 |   1062 |     31 |    288 |    587 |   2 |  546.5 |
               +--------+--------+--------+--------+--------+-----+--------+

Top non-repeatable levels by time:
     D:1: 999 daAuts
     D:2: 94 daAuts
